 Dungeon Crawl Stone Soup version 0.31-a0-1-g4198be8af4 (webtiles) character file.

Game seed: 9223432170471316931

79 Jase the Insei (level 4, -3/28 HPs)
             Began as an Octopode Transmuter on May 1, 2023.
             Was a Believer of Dithmenos.
             Slain by Terence
             ... wielding a +0 flail
              (5 damage)
             ... on level 2 of the Dungeon.
             The game lasted 00:08:34 (1140 turns).

Jase the Insei (Octopode Transmuter)                Turns: 1140, Time: 00:08:34

Health: -3/28      AC:  1    Str:  9    XL:     4   Next: 38%
Magic:  6/7        EV: 13    Int: 17    God:    Dithmenos [**....]
Gold:   20         SH:  0    Dex: 12    Spells: 4/7 levels left

rFire   . .          .
                       - Unarmed
rCold   . . .        (no shield)
rNeg    . . .        (helmet currently unavailable)
rPois   .            (no amulet)
rElec   .            (no ring)
rCorr   .            (no ring)
SInv    .            (no ring)
Will    .....        (no ring)
Stlth   +++          (no ring)
HPRegen 0.24/turn    (no ring)
MPRegen 0.10/turn    (no ring)
                     (no ring)

%: no passive effects
@: appendages, wreathed by umbra
A: tentacle spike 3, almost no armour, amphibious, 8 rings, camouflage 1,
gelatinous body 1, (nimble swimmer 1), tentacles
a: End Transformation, Renounce Religion, Shadow Step


You were on level 2 of the Dungeon.
You worshipped Dithmenos.
Dithmenos was pleased with you.
One of your tentacles had grown a beastly spike.
You visited 1 branch of the dungeon, and saw 2 of its levels.

You collected 46 gold pieces.
You spent 26 gold pieces at shops.

Inventory:

Missiles
 e - 6 poisoned darts
Scrolls
 b - a scroll of fog {unknown}
 g - a scroll of blinking {unknown}
 h - a scroll of amnesia {unknown}
 i - a scroll of enchant weapon {unknown}
Potions
 a - a potion of lignification
 c - 2 potions of curing
 d - a potion of mutation
 f - a potion of resistance {unknown}
 j - a potion of flight {unknown}


   Skills:
 - Level 1.0 Fighting
 + Level 2.9 Dodging
 + Level 3.6 Unarmed Combat
 - Level 2.0 Spellcasting
 + Level 2.8 Transmutations
 + Level 0.0 Poison Magic
 + Level 1.3 Invocations


You had 4 spell levels left.
You knew the following spells:

 Your Spells              Type           Power      Damage    Failure   Level
a - Beastly Appendage     Tmut           22%        N/A       6%          1
b - Wereblood             Tmut           11%        N/A       9%          2

Your spell library contained the following spells:

 Spells                   Type           Power      Damage    Failure   Level
 Spider Form              Tmut/Pois      6%         N/A       32%         3
 Ice Form                 Ice/Tmut       6%         N/A       71%         4


Dungeon Overview and Level Annotations

Branches:
Dungeon (2/15)

Altars:
Dithmenos

Shops:
D:1 *

Annotations:
D:2 Terence


Innate Abilities, Weirdness & Mutations

One of your tentacles has grown a beastly spike.
You cannot wear most types of armour.
You are amphibious.
You can wear up to eight rings at the same time.
Your skin changes colour to match your surroundings (Stealth+).
Your rubbery body absorbs attacks. (AC +1, EV +1)
((You are camouflaged when in or above water. (Stealth+)))
You have tentacles for arms and can constrict up to eight enemies at once.


Message History

Your primal bloodlust has ended.
Terence the Incautious comes into view.
He is wielding a +0 flail.
Okay, then.
Unknown command.
Casting: Wereblood (safe; 9% risk of failure)
Confirm with . or Enter, or press ? or * to list all spells.
One of your tentacles grows a vicious spike.
You barely miss Terence. You grab Terence.
You pierce Terence, but do no damage.
You squeeze Terence, but do no damage. You constrict Terence.
Terence closely misses you.
You tentacle-slap Terence but do no damage.
You pierce Terence, but do no damage.
Terence is lightly wounded.
You constrict Terence, but do no damage.
Terence hits you with a +0 flail!
You tentacle-slap Terence but do no damage.
You pierce Terence.
You squeeze Terence.
Terence is lightly wounded.
You constrict Terence, but do no damage.
Terence hits you with a +0 flail.
You tentacle-slap Terence but do no damage.
You pierce Terence, but do no damage.
You squeeze Terence!
Terence is severely wounded.
You constrict Terence. Terence misses you.
You tentacle-slap Terence but do no damage.
You pierce Terence, but do no damage.
Terence is severely wounded.
You constrict Terence, but do no damage.
Terence hits you with a +0 flail!
* * * LOW HITPOINT WARNING * * *
You tentacle-slap Terence but do no damage.
You pierce Terence, but do no damage.
Terence is severely wounded.
You constrict Terence, but do no damage.
Terence closely misses you.
You tentacle-slap Terence but do no damage.
Terence is severely wounded.
You constrict Terence, but do no damage.
Terence hits you with a +0 flail.
You die...

#.........# ###
.###.##.###..###...
........####.......
.......))....# ..
#<..######).### .#
.... #....######.###
...
.....#...........##
#....<.......##.#..###
##..########.@@......#
#.. ###........ ##
####..... ##.. #


You could see Terence.

Vanquished Creatures
  Robin (D:2)
  An adder (D:2)
  A dart slug (D:1)
  4 ball pythons (D:1)
  An endoplasm (D:1)
  4 giant cockroaches
  3 hobgoblins
  12 jackals
  2 quokkas (D:1)
  2 bats (D:1)
  A frilled lizard (D:2)
  13 goblins
  2 kobolds (D:1)
  2 rats
49 creatures vanquished.

Notes
Turn   | Place    | Note
-------+----------+-------------------------------------------
     0 | D:1      | Jase the Octopode Transmuter began the quest for the Orb.
     0 | D:1      | Reached XP level 1. HP: 13/13 MP: 3/3
   151 | D:1      | Reached XP level 2. HP: 5/18 MP: 3/5
   421 | D:1      | Found a faded altar of an unknown god.
   432 | D:1      | Prayed at the altar of an unknown god.
   432 | D:1      | Became a worshipper of Dithmenos the Shadowed
   432 | D:1      | Reached * piety under Dithmenos
   469 | D:1      | Learned a level 2 spell: Wereblood
   513 | D:1      | Reached XP level 3. HP: 23/23 MP: 6/6
   739 | D:1      | Found Fusum's General Store.
   747 | D:1      | Bought a scroll of identify for 26 gold pieces
  1040 | D:2      | Reached ** piety under Dithmenos
  1078 | D:2      | Noticed Robin
  1082 | D:2      | Killed Robin
  1083 | D:2      | Reached skill level 1 in Invocations
  1085 | D:2      | Reached XP level 4. HP: 17/28 MP: 5/7
  1127 | D:2      | Noticed Terence
  1140 | D:2      | Slain by Terence

Illustrated notes

Levels and vault maps discovered:
D:1:      shiori_arrival_maze, layout_loops_cross, serial_shops, shop,
          ebering_ecumenical_altar_petrified
D:2:      layout_rooms, uniq_robin, uniq_terence

Skill      XL: |  1  2  3 |
---------------+----------+-----
Invocations    | 1 |  1.3
Fighting       | |  1.0
Dodging        | |  2.9
Unarmed Combat | |  3.6
Spellcasting   | |  2.0
Transmutations | |  2.8

Action                     |  1- 3 |  4- 6 || total
---------------------------+-------+-------++-------
  Melee: Unarmed           |    88 |    27 ||   115
         Constrict         |    28 |     5 ||    33
         Tentacles         |    23 |     5 ||    28
         Kick              |    19 |     9 ||    28
         Punch             |     2 |       ||     2
   Cast: Beastly Appendage |    16 |     1 ||    17
         Wereblood         |     1 |     1 ||     2
    Use: Scroll            |     2 |       ||     2
   Stab: Sleeping          |     4 |       ||     4
 Armour: Skin              |     9 |     1 ||    10
  Dodge: Dodged            |    57 |     9 ||    66

Table legend: (Time is in decaauts)
 A = Elapsed time spent in this place.
 B = Non-inter-level travel time spent in this place.
 C = Inter-level travel time spent in this place.
 D = Time resting spent in this place.
 E = Time spent auto-exploring this place.
 F = Levels seen in this place.
 G = Mean time per level.
                   A        B        C        D        E       F      G
               +--------+--------+--------+--------+--------+-----+--------+
         Total |   1132 |   1105 |     27 |    114 |    676 |   2 |  566.0 |
       Dungeon |   1132 |   1105 |     27 |    114 |    676 |   2 |  566.0 |
               +--------+--------+--------+--------+--------+-----+--------+

Top non-repeatable levels by time:
     D:1: 968 daAuts
     D:2: 163 daAuts
